 Dungeon Crawl Stone Soup version 0.25-a0-860-gf695395b5c (webtiles) character file.

Game seed: 15723758046645680749, levelgen mode: deterministic

1511 MisterFreud the Transmogrifier (level 8, -14/70 HPs)
             Began as a Yellow Draconian Transmuter on Apr 27, 2020.
             Was an Initiate of Ru.
             Demolished by an orc warrior
             ... wielding a +0 hand axe
              (16 damage)
             ... on level 6 of the Dungeon.
             The game lasted 00:17:17 (7973 turns).

MisterFreud the Transmogrifier (DrTm)               Turns: 7973, Time: 00:17:18

Health: -14/70     AC: -5    Str: 12    XL:     8   Next: 53%
Magic:  12/17      EV: 12    Int: 14    God:    Ru [......]
Gold:   405        SH:  0    Dex: 14    Spells: 4/19 levels left

rFire    + . .     SeeInvis .     - Unarmed
rCold    . . .     Gourm    .   (no shield)
rNeg     . . .     Faith    .   (armour unavailable)
rPois    .         Spirit   .   (helmet restricted)
rElec    .         Reflect  .   B - +2 cloak
rCorr    +         Harm     .   x - +0 pair of gloves
MR       .....                  m - +0 pair of boots
Stlth    ..........             (no amulet)
HPRegen  0.21/turn              D - ring of protection from fire
MPRegen  0.15/turn              (no ring)

@: about to teleport, corroded, very slightly contaminated
A: spit acid, unfitting armour, cold-blooded, no stealth, acid resistance, AC +6
a: Breathe Acid, Renounce Religion


You were on level 6 of the Dungeon.
You worshipped Ru.
Ru was noncommittal.
You were not hungry.

You visited 2 branches of the dungeon, and saw 7 of its levels.

You collected 405 gold pieces.

Inventory:

Missiles
 a - 71 arrows
 b - 198 stones (quivered)
 d - 3 datura-tipped darts
 k - 33 sling bullets
 o - 17 boomerangs
 q - 21 poisoned darts
 t - 60 bolts
 A - a throwing net
Armour
 m - a +0 pair of boots (worn)
 x - a +0 pair of gloves (worn)
 B - a +2 cloak (worn)
Jewellery
 D - a ring of protection from fire (left hand)
Wands
 w - a wand of polymorph (11)
 C - a wand of iceblast (10)
Scrolls
 e - 2 scrolls of fog
 g - 2 scrolls of amnesia {unknown}
 j - 2 scrolls of teleportation
 l - a scroll of enchant weapon {unknown}
 p - a scroll of remove curse
 r - a scroll of magic mapping {unknown}
 u - a scroll of fear {unknown}
 y - a scroll of blinking {unknown}
 z - a scroll of silence {unknown}
Potions
 h - a potion of stabbing
 i - 2 potions of brilliance
 s - a potion of haste
 v - 2 potions of magic
Comestibles
 c - 8 rations


   Skills:
 - Level 6.0 Fighting
 - Level 1.7 Dodging
 - Level 8.0 Unarmed Combat
 - Level 6.0 Spellcasting
 + Level 9.5 Transmutations


You had 4 spell levels left.
You knew the following spells:

 Your Spells              Type           Power        Failure   Level  Hunger
a - Beastly Appendage     Tmut           ####..       1%          1    None
b - Sticks to Snakes      Tmut           ####....     1%          2    #......
c - Spider Form           Tmut/Pois      ###.......   7%          3    ###....
d - Blade Hands           Tmut           ####......   9%          5    ######.
e - Ice Form              Ice/Tmut       ###.....     22%         4    ####...

Your spell library contained the following spells:

 Spells                   Type           Power        Failure   Level  Hunger


Dungeon Overview and Level Annotations

Branches:
Dungeon (6/15)             Temple (1/1) D:4

Altars:
Ashenzari
Cheibriados
Dithmenos
Hepliaklqana
Kikubaaqudgha
Makhleb
Nemelex Xobeh
Qazlal
Ru
Trog
Vehumet
Wu Jian
Yredelemnul


Innate Abilities, Weirdness & Mutations

You can spit globs of acid.
Your golden yellow scales are hard. (AC +6)
You cannot fit into any form of body armour.
You are cold-blooded and may be slowed by cold attacks.
You cannot be stealthy.
You are resistant to acid. (rCorr)


Message History

The orc warrior hits you with a +0 hand axe!
* * * LOW HITPOINT WARNING * * *
Unknown command.
You feel better.
The orc warrior hits you with a +0 hand axe!
* * * LOW HITPOINT WARNING * * *
Unknown command.
Unknown command.
Okay, then.
Unknown command.
Unknown command.
Unknown command.
Unknown command.
Unknown command.
Unknown command.
Unknown command.
As you read the scroll labeled XINICLUSUR, it crumbles to dust.
The scroll dissolves into smoke.
It was a scroll of fog.
The orc warrior hits you with a +0 hand axe!
You die...

#.........##..........##.# #
..............###....###.# #
.##.....##.....##..### #.########
###..#..###.##)###.#####........#
##..###..##.....................'
....###.....##.####.####........#
.#...#......##.# #.## #........#
.#......##..##4####..# #.######..
.#.###.###....4o@###.###.######.#
.#.# #.####.##ยง###
#..##.##...... ...# #.........#
##.##.##.###.# ...#
######.##.######..#.##.# #.#
...########.##.....##..#.##.###.#
.................................
...##.#.###.##.....##....##.###.#
...##.#.# #.##.######.#..##.# #.#
...##.#.###.............>##.###.#


You could see 2 rust devils and an orc warrior.

Vanquished Creatures
  An orc warrior (D:5)
  A necrophage (D:5)
  A scorpion (D:4)
  3 wights (D:6)
  A howler monkey (D:4)
  4 crimson imps
  A jelly (D:5)
  A hound (D:5)
  5 orc wizards
  Crazy Yiuf (D:5)
  A gnoll shaman (D:6)
  An orc priest (D:6)
  2 iguanas
  Natasha (thrice) (D:2)
  A worker ant (D:6)
  Robin (D:2)
  8 adders
  5 gnolls (D:6)
  A shadow imp (D:5)
  3 oozes
  2 adder skeletons
  3 worms
  4 dart slugs
  4 leopard geckos
  25 orcs
  5 giant cockroaches
  12 goblins
  16 hobgoblins
  4 jackals (D:4)
  17 kobolds
  A quokka (D:3)
  3 bats
  4 frilled lizards
  10 rats
155 creatures vanquished.

Notes
Turn   | Place    | Note
-------+----------+-------------------------------------------
     0 | D:1      | MisterFreud the Draconian Transmuter began the quest for
                  | the Orb.
     0 | D:1      | Reached XP level 1. HP: 16/16 MP: 3/3
   271 | D:1      | Reached XP level 2. HP: 13/23 MP: 1/5
   466 | D:1      | Learned a level 2 spell: Sticks to Snakes
   564 | D:1      | Reached skill level 3 in Transmutations
   831 | D:1      | You fall into a shaft and drop 1 floor!
   832 | D:2      | Noticed Natasha
   953 | D:1      | Reached XP level 3. HP: 28/28 MP: 4/6
  1427 | D:2      | Identified the +1 helmet "Maissafo" {+Blink rPois}
  1427 | D:2      | Noticed Robin
  1520 | D:2      | Learned a level 3 spell: Spider Form
  1613 | D:2      | Killed Robin
  1613 | D:2      | Reached XP level 4. HP: 19/35 MP: 3/8
  1760 | D:2      | Killed Natasha
  1760 | D:2      | Reached skill level 4 in Transmutations
  1967 | D:2      | Noticed Natasha
  1975 | D:2      | Killed Natasha
  2143 | D:2      | Noticed Natasha
  2357 | D:2      | Reached XP level 5. HP: 39/40 MP: 9/9
  2434 | D:2      | Found a sparkling altar of Nemelex Xobeh.
  2660 | D:2      | Killed Natasha
  3168 | D:3      | Reached skill level 5 in Transmutations
  4728 | D:4      | Reached skill level 5 in Fighting
  4728 | D:4      | Reached skill level 5 in Spellcasting
  4728 | D:4      | Reached skill level 8 in Transmutations
  4728 | D:4      | Reached XP level 6. HP: 57/57 MP: 9/13
  4757 | D:4      | Learned a level 5 spell: Blade Hands
  4762 | D:4      | Learned a level 4 spell: Ice Form
  4887 | D:4      | Your scales start taking on a golden yellow colour.
  4887 | D:4      | Reached XP level 7. HP: 57/62 MP: 11/14
  4887 | D:4      | Gained mutation: You are resistant to acid. (rCorr) [Yellow
                  | Draconian growth]
  4912 | D:4      | Found a staircase to the Ecumenical Temple.
  4950 | Temple   | Entered the Ecumenical Temple
  5020 | Temple   | Became a worshipper of Ru the Awakened
  5712 | D:5      | Entered Level 5 of the Dungeon
  6367 | D:5      | Found a runed translucent door.
  6368 | D:5      | Noticed Crazy Yiuf
  6921 | D:5      | Killed Crazy Yiuf
  6986 | D:6      | Reached XP level 8. HP: 70/70 MP: 16/16
  7025 | D:6      | Gained mutation: You cannot be stealthy. [Ru sacrifice]
  7225 | D:6      | Reached skill level 9 in Transmutations
  7234 | D:6      | Found a shadowy altar of Dithmenos.
  7250 | D:6      | Identified the +11 falchion "Sorcho" {drain, Int+4 Stlth+}
  7947 | D:5      | Noticed a rust devil
  7947 | D:5      | Noticed a rust devil
  7972 | D:6      | HP: 2/70 [orc warrior/+0 hand axe (14)]
  7973 | D:6      | Demolished by an orc warrior

Levels and vault maps discovered:
D:1:      roderic_dead_forest, layout_rooms, minivault_26
D:2:      layout_rooms, nemelex_altar_shiori, uniq_robin, uniq_natasha
D:3:      minmay_evil_eye, layout_basic, serial_bayou_crossing
D:4:      layout_basic, minmay_temple_entry_statues, first_ration
D:5:      cheibrodos_iron_armory, layout_cave_pools,
          hangedman_abyss_or_decor_stabs, kennysheep_boxes,
          uniq_crazy_yiuf_cottage
D:6:      layout_basic, nicolae_dithmenos_shadow_blocks
Temple:   minmay_crystal_spiral_temple

Skill      XL: |  1  2  3  4  5  6  7  8 |
---------------+-------------------------+-----
Transmutations | 3 4 8 9 |  9.5
Spellcasting   | 3 5 6 |  6.0
Fighting       | 5 6 |  6.0
Unarmed Combat | 7 8 |  8.0
Dodging        | |  1.7

Action                   |  1- 3 |  4- 6 |  7- 9 || total
-------------------------+-------+-------+-------++-------
Melee: Unarmed           |   107 |   223 |   158 ||   488
       Tailslap          |    14 |    15 |     3 ||    32
       Kick              |     7 |     2 |       ||     9
       Headbutt          |     6 |     4 |       ||    10
       Punch             |       |     2 |       ||     2
 Cast: Beastly Appendage |    13 |     5 |       ||    18
       Spider Form       |     4 |     9 |    17 ||    30
       Blade Hands       |       |       |     2 ||     2
Invok: Sacrifice Stealth |       |       |     1 ||     1
 Abil: End Transformatio |       |     1 |       ||     1
       Breathe Acid      |       |       |    10 ||    10
  Use: Scroll            |       |     5 |     7 ||    12
       Potion            |       |     1 |     3 ||     4
 Stab: Sleeping          |       |     2 |     1 ||     3
  Eat: Chunk             |     3 |    12 |    12 ||    27
       Ration            |       |       |     1 ||     1
Armor: Skin              |    26 |    48 |    19 ||    93
Dodge: Dodged            |    62 |   165 |   108 ||   335

Table legend:
 A = Non-vault XP
 B = Vault XP
 C = Vault XP percentage of total XP
 D = Non-vault monster count
 E = Vault monster count
 F = Vault count percentage of total count
                 A         B        C        D         E       F
            +---------+---------+-------+---------+---------+-------
      Total |    1536 |     286 |  15.7 |     133 |      22 |  14.2
            +---------+---------+-------+---------+---------+-------
        D:1 |      53 |       4 |   7.0 |      20 |       2 |   9.1
        D:2 |     110 |      68 |  38.2 |      22 |      12 |  35.3
        D:3 |      91 |      37 |  28.9 |      29 |       6 |  17.1
        D:4 |     162 |       0 |   0.0 |      15 |       0 |   0.0
        D:5 |     517 |     177 |  25.5 |      24 |       2 |   7.7
        D:6 |     603 |       0 |   0.0 |      23 |       0 |   0.0
            +---------+---------+-------+---------+---------+-------
